 Dungeon Crawl Stone Soup version bcrawl-1.21.2-1-g32d02e0829 (webtiles) character file.

Game seed: 16197750276286844369

65 Freyura the Ruffian (level 3, -1/36 HPs)
             Began as a Troll Fighter on Feb 24, 2020.
             Slain by a gnoll
             ... wielding a +0 halberd
              (2 damage)
             ... on level 2 of the Dungeon.
             The game lasted 00:03:58 (1250 turns).

Freyura the Ruffian (Troll Fighter)                 Turns: 1250, Time: 00:03:58

Health: -1/36      AC:  5    Str: 29    XL:     3   Next: 92%
Magic:  2/2        EV:  8    Int: 10    God:
Gold:   129        SH:  9    Dex: 10    Spells: 2/2 levels left

rFire    . . .     SeeInvis .     - Unarmed
rCold    . . .     Gourm    +   a - +0 shield
rNeg     . . .     Faith    .   (armour unavailable)
rPois    .         Spirit   .   (helmet restricted)
rElec    .         Reflect  .   (no cloak)
rCorr    .         Harm     .   (gloves unavailable)
MR       .....                  (boots unavailable)
Stlth    +.........             l - amulet of rage
HPRegen  0.12/turn              (no ring)
MPRegen  0.08/turn              (no ring)

@: mighty, brilliant
A: large, almost no armour, unfitting armour, claws 3, fast metabolism 3,
gourmand, AC +5
a: Evoke Berserk Rage


You were on level 2 of the Dungeon.
You were completely stuffed.

You visited 1 branch of the dungeon, and saw 2 of its levels.

You collected 129 gold pieces.

Inventory:

Armour
 a - a +0 shield (worn)
Jewellery
 l - an amulet of rage (around neck)
Wands
 k - a wand of clouds (7)
Scrolls
 c - 3 scrolls of remove curse
 d - 2 scrolls of immolation
 f - a scroll of teleportation
Potions
 i - a potion of berserk rage {unknown}
 j - a potion of mutation {unknown}
Comestibles
 e - 3 rations {!d}
 g - a chunk of flesh


   Skills:
 + Level 2.9 Fighting
 - Level 2.4 Dodging
 + Level 2.3 Shields
 * Level 3.3 Unarmed Combat


You had 2 spell levels left.
You didn't know any spells.
Your spell library was empty.

Dungeon Overview and Level Annotations

Branches:
Dungeon (2/12)

Altars:


Innate Abilities, Weirdness & Mutations

You cannot wear most types of armour.
Your thick skin is tough. (AC +5)
You are too large for most types of armour.
You have claws for hands.
Your metabolism is lightning-fast.
You like to eat raw meat.


Message History

You are too injured to fight recklessly!
You are too injured to fight recklessly!
You are too injured to fight recklessly!
You are too injured to fight recklessly!
You are too injured to fight recklessly!
You are too injured to fight recklessly!
You are too injured to fight recklessly!
You are too injured to fight recklessly!
You are too injured to fight recklessly!
You are too injured to fight recklessly!
You are too injured to fight recklessly!
You fail to use your ability.
The gnoll hits you with a +0 club.
* * * LOW HITPOINT WARNING * * *
You feel very mighty all of a sudden. You block the gnoll's attack.
The gnoll hits you with a +0 club.
* * * LOW HITPOINT WARNING * * *
It was a potion of brilliance.
You feel clever all of a sudden.
The gnoll hits you from afar with a +0 halberd.
You die...

#.###############
#.##########
#.#........#
#.#.######.#
#################.#†#
#.#
..................#.#
#.#
###################.#
#.# #######.# #.#
#ggg@...######.#
#.######.......# #.
#.####### #g #.# #.
#.# #. #.#
##########.#
#..........#
#...########


You could see 3 gnolls.

Vanquished Creatures
  An ooze (D:1)
  3 worms (D:2)
  2 dart slugs (D:2)
  3 leopard geckos
  5 bats
  A giant cockroach (D:2)
  5 goblins
  9 hobgoblins
  3 kobolds
  A quokka (D:2)
  A ball python (D:2)
  7 frilled lizards
  4 rats
45 creatures vanquished.

Notes
Turn   | Place    | Note
-------+----------+-------------------------------------------
     0 | D:1      | Freyura the Troll Fighter began the quest for the Orb.
     0 | D:1      | Reached XP level 1. HP: 22/22 MP: 0/0
   140 | D:1      | Reached XP level 2. HP: 27/29 MP: 1/1
   448 | D:1      | Reached XP level 3. HP: 36/36 MP: 2/2
   624 | D:2      | Reached skill level 3 in Unarmed Combat
  1249 | D:2      | HP: 1/36 [gnoll/+0 club (6)]
  1250 | D:2      | Slain by a gnoll

Skill      XL: |  1  2  3 |
---------------+----------+-----
Unarmed Combat | 3 |  3.3
Fighting       | |  2.9
Dodging        | |  2.4
Shields        | |  2.3

Action                   || total
-------------------------++-------
Melee: Unarmed           ||   100
  Use: Scroll            ||     5
       Potion            ||     2
  Eat: Chunk             ||    13
Armor: Skin              ||    25
Dodge: Dodged            ||    32
Block: Shield            ||    38
